cohdb
Replays
Latest Replays
All Replays
Popular Replays
Top Player Replays
Match Explorer
How It Works
Community
CoH3 Stats
Reddit
Sign in to upload your games and track your stats! →
Sign in with Steam
Match 44692680
Unlisted
Match 44692680
Overview
Messages
Build Orders
End
Royal Engineer Section
Construct Section Command Post
Selects Canadian Shock Battlegroup
Dingo Light Scout Car
Infantry Section
Infantry Section
Infantry Section
Construct Platoon Command Post
Vickers Machine Gun Team
Selects Attacking Spirit
Selects Canadian Shock Section
Humber Armored Car
Grenade Package
6-pounder Anti-tank Gun Team
Selects Incendiary Munitions
Selects Pyrotechnics
Canadian Shock Section
Construct Company Command Post
Canadian Shock Section
Infantry Training
Construct Field Infirmary
Crusader II Medium Tank
Selects Demolition Engineering
Demolition Engineering
Crusader II Medium Tank
Armored Vehicle Training
DrewP
Cooter McGavin
0
0
Comments
sign in to comment!
No comments posted yet!